[Event "42nd Olympiad Baku 2016 Open"]
[Site "Baku"]
[Date "2016.09.03"]
[Round "2.1"]
[White "Mosutha, Thuso"]
[Black "Tapia, Alexei"]
[Result "1/2-1/2"]
[ECO "B44"]
[WhiteElo "1930"]
[BlackElo "2183"]
[Annotator ""]
[PlyCount "192"]
[EventDate "2016.??.??"]
[EventCountry "AZE"]
[SourceTitle "playchess.com"]
[Source "ChessBase"]
[WhiteTeam "Botswana"]
[BlackTeam "Panama"]
[WhiteTeamCountry "BOT"]
[BlackTeamCountry "PAN"]
[TimeControl "40/5400+30:1800+30"]

1. e4 {(00:00)} c5 {(00:20)} 2. Nf3 {(01:02)} e6 {(
00:00)} 3. d4 {(00:23)} cxd4 {(00:00)} 4. Nxd4 {(00:05)}
Nc6 {(00:39)} 5. Nxc6 {(00:21)} bxc6 {(00:10)} 6. Bd3 {
(00:05)} d5 {(01:04)} 7. O-O {(00:21)} Nf6 {(00:51]
} 8. Qe2 {(00:29)} Be7 {(03:12)} 9. c4 {(00:54)} O-O {
(09:36)} 10. Nc3 {(01:55)} d4 {(03:46)} 11. Na4 {(
00:49)} e5 {(03:40)} 12. f4 {(04:16)} Nd7 {(08:09)} 13.
Bd2 {(01:31)} Re8 {(03:57)} 14. b3 {(06:40)} exf4 {
(03:08)} 15. Bxf4 {(01:05)} Bf6 {(02:13)} 16. Rae1 {
(04:26)} Ne5 {(00:56)} 17. Bb1 {(04:31)} Qe7 {(06:
22)} 18. Nb2 {(04:22)} Bg4 {(02:36)} 19. Qd2 {(03:47)} Bh5
{(04:25)} 20. Nd3 {(09:17)} Bg6 {(01:59)} 21. Bxe5 {
(10:47)} Bxe5 {(00:10)} 22. Nxe5 {(02:10)} Qxe5 {(
00:12)} 23. Qf4 {(00:14)} a5 {(02:22)} 24. Qxe5 {(09:42)}
Rxe5 {(00:04)} 25. Rf4 {(01:49)} Rae8 {(01:32)} 26. g4 {
(03:06)} c5 {(02:13)} 27. Kf2 {(02:52)} f6 {(04:00]
} 28. Re2 {(04:48)} Kf7 {(01:37)} 29. h4 {(01:57)} Ke6 {
(04:53)} 30. h5 {(01:30)} Bf7 {(00:08)} 31. Kg3 {(
00:31)} h6 {(02:09)} 32. Ref2 {(01:07)} Kd6 {(01:25)} 33.
Rf5 {(00:36)} Be6 {(01:36)} 34. Rxe5 {(00:31)} Kxe5 {
(00:03)} 35. Bd3 {(00:48)} Ra8 {(00:24)} 36. Rb2 {(
00:18)} Bd7 {(01:46)} 37. a4 {(05:46)} Rb8 {(00:26)} 38.
Rb1 {(00:02)} g6 {(01:34)} 39. hxg6 {(01:23)} Rg8 {
(00:07)} 40. Rh1 {(00:00)} Rxg6 {(00:00)} 41. Be2 {
(00:56)} Kxe4 {(03:05)} 42. Bf3+ {(00:37)} Kd3 {(
04:46)} 43. Kf4 {(00:37)} Kc3 {(01:03)} 44. Rh5 {(00:49)}
Kb4 {(04:33)} 45. Bd1 {(02:07)} Be6 {(02:46)} 46. Rh2 {
(03:04)} d3 {(02:35)} 47. Rh3 {(00:39)} Kc3 {(01:
12)} 48. Be2 {(00:49)} Kxb3 {(08:36)} 49. Rxd3+ {(00:10)}
Kxa4 {(00:56)} 50. Rd6 {(00:13)} Bg8 {(04:01)} 51. Rb6 {
(00:59)} Rg7 {(01:25)} 52. Ke3 {(02:45)} Re7+ {(07:
29)} 53. Kd2 {(00:45)} Re4 {(01:31)} 54. Bd3 {(05:13)}
Rxg4 {(02:17)} 55. Kc3 {(00:21)} Rg3 {(10:30)} 56. Kd2 {
(04:59)} h5 {(02:43)} 57. Rb5 {(06:59)} Bxc4 {(04:
21)} 58. Bxc4 {(00:39)} h4 {(00:30)} 59. Rb1 {(13:30)} h3
{(00:39)} 60. Bd3 {(01:23)} c4 {(00:36)} 61. Bxc4 {
(00:50)} h2 {(00:10)} 62. Rh1 {(02:38)} Rh3 {(00:
09)} 63. Ke2 {(01:17)} Kb4 {(00:22)} 64. Bd5 {(00:51)} a4
{(00:58)} 65. Kf2 {(00:16)} a3 {(00:24)} 66. Be6 {(
01:19)} Rh5 {(00:55)} 67. Kg3 {(01:14)} Re5 {(00:19)} 68.
Bf7 {(00:52)} Re7 {(00:18)} 69. Bd5 {(00:12)} Kc5 {
(00:21)} 70. Ba2 {(00:58)} Re3+ {(00:13)} 71. Kf2 {
(00:33)} Rc3 {(01:15)} 72. Rxh2 {(00:16)} Kd4 {(00:
07)} 73. Rh4+ {(00:33)} Ke5 {(00:06)} 74. Bf7 {(00:43)} f5
{(00:37)} 75. Ra4 {(00:14)} f4 {(00:54)} 76. Bg8 {(
00:40)} Kf5 {(00:29)} 77. Bc4 {(00:35)} Kg5 {(00:43)} 78.
Be2 {(00:26)} Rb3 {(00:31)} 79. Bc4 {(00:40)} Rh3 {
(00:11)} 80. Ra5+ {(00:29)} Kf6 {(00:50)} 81. Bf1 {
(00:11)} Rc3 {(00:27)} 82. Be2 {(00:20)} Re3 {(00:
24)} 83. Bf1 {(00:33)} Ke6 {(00:20)} 84. Bc4+ {(00:29)}
Kd6 {(00:08)} 85. Rd5+ {(00:47)} Kc6 {(00:11)} 86. Ra5 {
(00:23)} Rc3 {(00:26)} 87. Bf7 {(00:24)} Kb6 {(00:
15)} 88. Ra4 {(00:18)} f3 {(01:02)} 89. Bd5 {(00:41)} Kb5
{(00:31)} 90. Ra8 {(00:17)} Kb4 {(00:32)} 91. Bxf3 {
(00:16)} Rc5 {(00:14)} 92. Rb8+ {(00:46)} Kc3 {(00:
12)} 93. Ra8 {(00:12)} Kb2 {(00:31)} 94. Rb8+ {(00:57)}
Ka1 {(00:38)} 95. Bg4 {(00:58)} a2 {(00:24)} 96. Be6 {
(00:17)} Rc2+ {(00:27)} 1/2-1/2

[Event "42nd Olympiad Baku 2016 Open"]
[Site "Baku"]
[Date "2016.09.03"]
[Round "2.27"]
[White "Mueller, Oliver"]
[Black "Gibson, Franklyn"]
[Result "1-0"]
[ECO "D77"]
[WhiteElo "2272"]
[BlackElo "1987"]
[Annotator ""]
[PlyCount "51"]
[EventDate "2016.??.??"]
[EventCountry "AZE"]
[SourceTitle "playchess.com"]
[Source "ChessBase"]
[WhiteTeam "IBCA"]
[BlackTeam "Bahamas"]
[WhiteTeamCountry "GER"]
[BlackTeamCountry "BAH"]
[TimeControl "40/5400+30:1800+30"]

1. d4 Nf6 2. c4 g6 3. g3 d5 4. Bg2 Bg7 5. Nf3 dxc4 6. Na3 c3 7. bxc3 c5 8. O-O
O-O 9. Nc4 Nc6 10. Nfe5 Nxe5 11. Nxe5 Qc7 12. Ba3 cxd4 13. cxd4 Bh6 14. e3 Ne8
15. Rc1 Qd8 16. Qb3 Nd6 17. Bd5 e6 18. Bg2 Re8 19. Rc2 Bf8 20. Rfc1 Rb8 21. Nc6
Qc7 22. Nxb8 Qxb8 23. Rc7 a6 24. Qc2 Nc4 25. Qxc4 Bxa3 26. Rxc8 1-0

[Event "42nd Olympiad Baku 2016 Open"]
[Site "Baku"]
[Date "2016.09.03"]
[Round "2.15"]
[White "Mziyako, Sobhi"]
[Black "Gavarrete, Nahun"]
[Result "0-1"]
[ECO "A48"]
[WhiteElo "1447"]
[BlackElo "2149"]
[Annotator ""]
[PlyCount "90"]
[EventDate "2016.??.??"]
[EventCountry "AZE"]
[SourceTitle "playchess.com"]
[Source "ChessBase"]
[WhiteTeam "SWZ"]
[BlackTeam "Honduras"]
[BlackTeamCountry "HON"]
[TimeControl "40/5400+30:1800+30"]

1. d4 {(00:00)} Nf6 {(00:00)} 2. Nf3 {(00:00)} g6 {
(00:00)} 3. Bf4 {(00:21)} Bg7 {(00:10)} 4. e3 {(00:
38)} d6 {(00:11)} 5. h3 {(00:10)} O-O {(01:15)} 6. Be2 {
(00:46)} Nbd7 {(00:24)} 7. O-O {(00:18)} b6 {(00:
16)} 8. c4 {(01:23)} Bb7 {(00:11)} 9. Nc3 {(00:17)} Re8 {
(00:54)} 10. d5 {(01:11)} e6 {(03:58)} 11. e4 {(01:
35)} h6 {(00:50)} 12. Qd2 {(01:20)} Kh7 {(00:24)} 13. Rfe1
{(00:37)} Nc5 {(00:26)} 14. Bf1 {(00:46)} Qd7 {(02:
56)} 15. Rad1 {(00:42)} exd5 {(01:43)} 16. exd5 {(00:14)}
a6 {(07:32)} 17. b4 {(00:36)} Nfe4 {(01:37)} 18. Nxe4 {
(01:54)} Nxe4 {(00:10)} 19. Qc2 {(00:39)} Nc3 {(06:
33)} 20. Rxe8 {(09:04)} Rxe8 {(11:00)} 21. Re1 {(02:44)}
Rxe1 {(07:32)} 22. Nxe1 {(00:10)} Qf5 {(04:42)} 23. Qxf5 {
(06:22)} gxf5 {(00:16)} 24. a3 {(01:04)} b5 {(00:
16)} 25. Nc2 {(01:52)} bxc4 {(00:28)} 26. Bxc4 {(00:22)}
Nxd5 {(00:09)} 27. Be3 {(06:42)} Kg6 {(05:39)} 28. Bd4 {
(08:24)} Nb6 {(02:53)} 29. Bd3 {(00:37)} Be4 {(00:
41)} 30. Bxe4 {(03:59)} fxe4 {(02:23)} 31. Bxg7 {(00:12)}
Kxg7 {(00:06)} 32. Kf1 {(00:16)} Kf6 {(00:25)} 33. Ke2 {
(00:07)} Ke5 {(00:16)} 34. Ke3 {(00:14)} Nc4+ {(00:
21)} 35. Ke2 {(00:06)} d5 {(00:15)} 36. f3 {(00:14)} f5 {
(00:14)} 37. a4 {(00:30)} d4 {(00:08)} 38. f4+ {(
01:04)} Kd5 {(00:11)} 39. g4 {(00:30)} d3+ {(00:08)} 40.
Kd1 {(00:00)} dxc2+ {(00:00)} 41. Kxc2 {(00:51)} fxg4 {
(00:28)} 42. hxg4 {(00:02)} Ne3+ {(00:12)} 43. Kd2 {
(00:40)} Nxg4 {(00:08)} 44. f5 {(00:15)} h5 {(00:
08)} 45. b5 {(00:54)} a5 {(00:08)} 0-1

[Event "42nd Olympiad Baku 2016 Open"]
[Site "Baku"]
[Date "2016.09.03"]
[Round "2.13"]
[White "Nadir, Samir"]
[Black "Jones, Richard S"]
[Result "0-1"]
[ECO "D00"]
[WhiteElo "2199"]
[BlackElo "2396"]
[Annotator ""]
[PlyCount "114"]
[EventDate "2016.??.??"]
[EventCountry "AZE"]
[SourceTitle "playchess.com"]
[Source "ChessBase"]
[WhiteTeam "Sudan"]
[BlackTeam "Wales"]
[WhiteTeamCountry "SUD"]
[BlackTeamCountry "WLS"]
[TimeControl "40/5400+30:1800+30"]

1. d4 {(00:00)} d5 {(00:00)} 2. Bf4 {(00:00)} Nf6 {
(00:00)} 3. e3 {(00:13)} c5 {(00:00)} 4. c3 {(00:
53)} Nc6 {(02:33)} 5. Nd2 {(00:45)} Bf5 {(02:13)} 6. Qb3 {
(04:42)} Qb6 {(01:29)} 7. Qxb6 {(06:03)} axb6 {(00:
05)} 8. Bb5 {(00:24)} Nd7 {(15:18)} 9. Ngf3 {(07:02)} f6 {
(00:54)} 10. h4 {(04:56)} e6 {(03:19)} 11. O-O {(
01:00)} Na7 {(00:46)} 12. Bxd7+ {(07:57)} Kxd7 {(00:16)}
13. Rfe1 {(00:20)} cxd4 {(12:31)} 14. Nxd4 {(13:22)} Bg6 {
(00:57)} 15. N4b3 {(02:10)} e5 {(01:25)} 16. Bg3 {(
00:23)} Nc6 {(08:00)} 17. e4 {(03:28)} dxe4 {(01:54)} 18.
Nxe4 {(03:24)} Be7 {(04:26)} 19. Ned2 {(03:01)} Ra4 {
(01:48)} 20. Nf1 {(17:16)} Kc7 {(02:51)} 21. Nbd2 {
(05:59)} Rd8 {(00:51)} 22. b3 {(04:24)} Ra6 {(03:
58)} 23. f4 {(01:52)} Bd6 {(09:46)} 24. Nc4 {(02:33)} Bc5+
{(07:57)} 25. Kh1 {(00:13)} exf4 {(04:53)} 26. Bxf4+ {
(00:36)} Kc8 {(00:01)} 27. b4 {(01:54)} b5 {(01:32]
} 28. bxc5 {(01:54)} bxc4 {(00:03)} 29. Ne3 {(00:40)} Bd3
{(00:24)} 30. Bd6 {(02:21)} b6 {(01:35)} 31. a4 {(
01:41)} Ra5 {(00:52)} 32. Ra2 {(02:25)} bxc5 {(00:13)} 33.
Bg3 {(00:35)} Rd7 {(04:26)} 34. Rb2 {(00:57)} Rb7 {
(00:27)} 35. Rxb7 {(00:35)} Kxb7 {(00:02)} 36. Nd5 {
(00:24)} Rxa4 {(01:03)} 37. Re8 {(01:13)} Ra8 {(02:
39)} 38. Rxa8 {(00:32)} Kxa8 {(00:03)} 39. Nc7+ {(00:18)}
Kb7 {(02:09)} 40. Ne8 {(00:00)} Ne7 {(00:00)} 41. Nxg7 {
(07:12)} Nd5 {(03:47)} 42. Be1 {(01:29)} Kb6 {(00:
08)} 43. Kg1 {(13:19)} Kb5 {(00:24)} 44. Kf2 {(00:57)} Ka4
{(09:25)} 45. Ne6 {(00:57)} Kb3 {(00:07)} 46. Nxc5+ {
(00:20)} Kc2 {(00:03)} 47. Na4 {(02:40)} Bg6 {(00:
07)} 48. Kf3 {(02:03)} f5 {(01:19)} 49. g4 {(04:48)} fxg4+
{(00:12)} 50. Kxg4 {(00:27)} Be8 {(00:12)} 51. Nc5 {
(00:37)} Kd1 {(01:27)} 52. Bg3 {(00:49)} Nxc3 {(00:
10)} 53. Kg5 {(01:04)} Bg6 {(05:38)} 54. h5 {(00:40)} Ne4+
{(00:23)} 55. Nxe4 {(00:53)} Bxe4 {(00:09)} 56. Kf4 {
(00:26)} Bb7 {(00:39)} 57. Ke3 {(00:40)} c3 {(00:
09)} 0-1

[Event "42nd Olympiad Baku 2016 Open"]
[Site "Baku"]
[Date "2016.09.03"]
[Round "2.30"]
[White "Ng, Tze Han"]
[Black "Alhadad, Mahmoud"]
[Result "1-0"]
[ECO "A46"]
[WhiteElo "2190"]
[BlackElo "1999"]
[Annotator ""]
[PlyCount "51"]
[EventDate "2016.??.??"]
[EventCountry "AZE"]
[SourceTitle "playchess.com"]
[Source "ChessBase"]
[WhiteTeam "Malaysia"]
[BlackTeam "Palestine"]
[WhiteTeamCountry "MAS"]
[BlackTeamCountry "PLE"]
[TimeControl "40/5400+30:1800+30"]

1. d4 {(00:00)} Nf6 {(05:14)} 2. Nf3 {(00:00)} e6 {
(01:01)} 3. c4 {(00:07)} c5 {(00:10)} 4. Nc3 {(06:
27)} cxd4 {(02:23)} 5. Nxd4 {(00:06)} d5 {(00:26)} 6. cxd5
{(07:29)} Nxd5 {(01:28)} 7. e4 {(02:29)} Nxc3 {(00:
14)} 8. bxc3 {(00:09)} a6 {(03:24)} 9. Bd3 {(15:52)} Bd6 {
(04:47)} 10. O-O {(05:45)} Qc7 {(04:50)} 11. f4 {(
08:36)} Qxc3 {(11:38)} 12. Be3 {(03:39)} Qa5 {(04:31)} 13.
Kh1 {(04:44)} g6 {(11:07)} 14. f5 {(07:19)} exf5 {(
12:31)} 15. exf5 {(02:50)} Nc6 {(09:57)} 16. Nxc6 {(12:06]
} bxc6 {(00:05)} 17. Bc4 {(02:35)} Be5 {(09:52)} 18. fxg6
{(05:15)} f5 {(00:40)} 19. Bf7+ {(00:40)} Ke7 {(01:
53)} 20. Bg5+ {(02:43)} Kf8 {(00:19)} 21. Bh6+ {(01:38)}
Ke7 {(00:05)} 22. g7 {(04:04)} Kxf7 {(02:15)} 23. Qh5+ {
(00:28)} Ke7 {(01:55)} 24. Bg5+ {(00:15)} Kd6 {(01:
58)} 25. Rfd1+ {(00:43)} Ke6 {(00:58)} 26. gxh8=Q {(00:29]
Kd5} 1-0

[Event "42nd Olympiad Baku 2016 Open"]
[Site "Baku"]
[Date "2016.09.03"]
[Round "2.10"]
[White "Nikolov, Momchil"]
[Black "Rodgaard, John"]
[Result "1/2-1/2"]
[ECO "D17"]
[WhiteElo "2585"]
[BlackElo "2345"]
[Annotator ""]
[PlyCount "71"]
[EventDate "2016.??.??"]
[EventCountry "AZE"]
[SourceTitle "playchess.com"]
[Source "ChessBase"]
[WhiteTeam "Bulgaria"]
[BlackTeam "Faroe Islands"]
[WhiteTeamCountry "BUL"]
[BlackTeamCountry "FAI"]
[TimeControl "40/5400+30:1800+30"]

1. d4 {(00:00)} d5 {(00:06)} 2. Nf3 {(00:00)} Nf6 {
(00:22)} 3. c4 {(00:00)} c6 {(01:19)} 4. Nc3 {(00:
08)} dxc4 {(01:20)} 5. a4 {(00:22)} Bf5 {(01:05)} 6. Ne5 {
(00:25)} e6 {(01:46)} 7. f3 {(04:09)} Bb4 {(01:09)}
8. Nxc4 {(01:23)} O-O {(05:33)} 9. Kf2 {(04:43)} c5 {
(11:26)} 10. e4 {(01:20)} Bg6 {(03:48)} 11. Na2 {(
04:56)} Nc6 {(03:02)} 12. Nxb4 {(02:18)} Nxb4 {(02:49)}
13. Qb3 {(25:43)} Nxe4+ {(08:45)} 14. fxe4 {(00:17)} Bxe4
{(00:45)} 15. Bd2 {(13:03)} Qxd4+ {(05:45)} 16. Be3 {
(07:27)} Qf6+ {(00:43)} 17. Kg1 {(00:03)} Nc2 {(01:
39)} 18. Rc1 {(01:23)} Nd4 {(01:34)} 19. Bxd4 {(08:19)}
cxd4 {(07:20)} 20. Qg3 {(08:22)} Rad8 {(06:43)} 21. Bd3 {
(00:32)} Bxd3 {(03:21)} 22. Qxd3 {(00:05)} Rd5 {(
01:48)} 23. h3 {(03:04)} Re8 {(03:30)} 24. Kh2 {(06:59)}
Qf4+ {(03:17)} 25. Qg3 {(00:04)} Qxg3+ {(00:27)} 26. Kxg3
{(00:03)} e5 {(00:36)} 27. Nd2 {(05:04)} Rd7 {(04:
34)} 28. Rhf1 {(01:36)} f6 {(03:08)} 29. Ne4 {(01:39)} Kf7
{(04:02)} 30. Kf3 {(00:46)} Ke7 {(02:15)} 31. g4 {(
00:29)} Rf8 {(01:46)} 32. Nc5 {(00:27)} Rc7 {(00:46)} 33.
Nd3 {(00:42)} Rfc8 {(02:14)} 34. Rxc7+ {(00:29)} Rxc7 {
(00:01)} 35. Ke4 {(00:38)} Ke6 {(00:49)} 36. Rf2 {(
00:25)} 1/2-1/2

[Event "42nd Olympiad Baku 2016 Open"]
[Site "Baku"]
[Date "2016.09.03"]
[Round "2.23"]
[White "Oberholzer, Rex"]
[Black "Kulpruethanon, Thanadon"]
[Result "0-1"]
[ECO "A11"]
[WhiteElo "2047"]
[BlackElo "2235"]
[Annotator ""]
[PlyCount "50"]
[EventDate "2016.??.??"]
[EventCountry "AZE"]
[SourceTitle "playchess.com"]
[Source "ChessBase"]
[WhiteTeam "Namibia"]
[BlackTeam "Thailand"]
[WhiteTeamCountry "NAM"]
[BlackTeamCountry "THA"]
[TimeControl "40/5400+30:1800+30"]

1. c4 {(00:00)} c6 {(00:00)} 2. Nc3 {(04:16)} d5 {(
00:14)} 3. cxd5 {(00:11)} cxd5 {(00:08)} 4. d4 {(02:25)}
Nf6 {(00:11)} 5. Nf3 {(01:29)} Nc6 {(00:11)} 6. e3 {
(01:15)} Bf5 {(02:45)} 7. Bd3 {(01:45)} Bxd3 {(00:
30)} 8. Qxd3 {(00:07)} e6 {(00:22)} 9. O-O {(02:53)} Be7 {
(02:32)} 10. Bd2 {(01:55)} O-O {(00:44)} 11. a3 {(
01:19)} Rc8 {(05:42)} 12. Ne5 {(02:43)} Nxe5 {(02:43)} 13.
dxe5 {(00:17)} Nd7 {(00:51)} 14. f4 {(01:23)} Nc5 {
(01:45)} 15. Qe2 {(01:42)} Qb6 {(02:51)} 16. Nb5 {(
14:37)} Nb3 {(01:35)} 17. Rab1 {(06:47)} Nxd2 {(01:19)}
18. Qxd2 {(00:26)} Qxb5 {(00:14)} 19. Rf3 {(00:39)} Qc4 {
(01:34)} 20. Qe1 {(01:19)} Qe4 {(01:02)} 21. h4 {(
00:52)} Bxh4 {(04:08)} 22. Qf1 {(00:40)} Rc2 {(00:34)} 23.
b4 {(00:39)} Rfc8 {(00:36)} 24. Rd1 {(00:25)} h6 {(
00:50)} 25. Rh3 {(07:53)} Rf2 {(00:31)} 0-1

[Event "42nd Olympiad Baku 2016 Open"]
[Site "Baku"]
[Date "2016.09.03"]
[Round "2.36"]
[White "Parraga, Alejandro"]
[Black "Muhammed, Shuaau"]
[Result "1/2-1/2"]
[ECO "E62"]
[WhiteElo "2173"]
[BlackElo "1692"]
[Annotator ""]
[PlyCount "140"]
[EventDate "2016.??.??"]
[EventCountry "AZE"]
[SourceTitle "playchess.com"]
[Source "ChessBase"]
[WhiteTeam "Bolivia"]
[BlackTeam "Maldives"]
[WhiteTeamCountry "BOL"]
[BlackTeamCountry "MDV"]
[TimeControl "40/5400+30:1800+30"]

1. d4 {(00:00)} Nf6 {(00:00)} 2. c4 {(00:13)} g6 {(
00:00)} 3. Nc3 {(00:39)} Bg7 {(00:00)} 4. Nf3 {(00:51)}
O-O {(00:00)} 5. g3 {(00:12)} d6 {(01:06)} 6. Bg2 {
(00:36)} Nc6 {(01:30)} 7. O-O {(02:06)} Bf5 {(07:
32)} 8. Nh4 {(07:12)} Bg4 {(02:13)} 9. h3 {(01:23)} Bd7 {
(01:39)} 10. d5 {(03:55)} Nb8 {(00:49)} 11. e4 {(
02:18)} a5 {(04:19)} 12. Be3 {(02:01)} Na6 {(01:29)} 13.
Qd2 {(02:12)} Nc5 {(01:13)} 14. Bxc5 {(07:45)} dxc5 {
(00:12)} 15. Qe3 {(00:31)} b6 {(08:18)} 16. e5 {(
04:21)} Ne8 {(01:25)} 17. e6 {(01:29)} Bc8 {(04:06)} 18.
d6 {(04:34)} Rb8 {(00:48)} 19. d7 {(03:34)} Bxd7 {(
00:17)} 20. exd7 {(00:11)} Qxd7 {(00:02)} 21. Rad1 {(01:
41)} Nd6 {(00:16)} 22. Rfe1 {(01:12)} Rbe8 {(01:02)} 23.
Qd3 {(02:24)} Bd4 {(04:15)} 24. b3 {(07:54)} e5 {(
02:04)} 25. Nf3 {(07:43)} f5 {(01:25)} 26. Nxe5 {(08:28)}
Qg7 {(07:16)} 27. Bd5+ {(11:55)} Kh8 {(00:33)} 28. Nxg6+ {
(01:21)} hxg6 {(00:12)} 29. Ne2 {(01:50)} Be5 {(03:
00)} 30. Kg2 {(02:15)} Qh6 {(08:55)} 31. Bc6 {(03:03)} Rd8
{(03:18)} 32. Qd5 {(01:31)} Qg7 {(01:46)} 33. Ng1 {
(01:12)} Bd4 {(02:59)} 34. Qe6 {(04:00)} Rf6 {(03:
04)} 35. Qe7 {(00:57)} Qxe7 {(01:13)} 36. Rxe7 {(00:07)}
Ne4 {(01:14)} 37. Rxc7 {(01:37)} Rdf8 {(06:04)} 38. f3 {
(01:43)} Nxg3 {(04:25)} 39. Rxd4 {(01:46)} cxd4 {(
00:01)} 40. Kxg3 {(00:00)} d3 {(00:00)} 41. f4 {(02:59)}
d2 {(01:51)} 42. Bf3 {(01:36)} Rd6 {(04:03)} 43. Bd1 {
(00:40)} Re8 {(01:13)} 44. Ne2 {(01:48)} Re3+ {(01:
25)} 45. Kg2 {(00:56)} Kg8 {(09:58)} 46. c5 {(01:18)} Rde6
{(05:20)} 47. Rd7 {(05:03)} Rxe2+ {(01:18)} 48. Bxe2 {
(00:12)} Rxe2+ {(00:02)} 49. Kf3 {(00:33)} Re1 {(
00:08)} 50. Rxd2 {(01:07)} bxc5 {(00:04)} 51. Rc2 {(01:10]
} Ra1 {(02:17)} 52. Ke3 {(02:19)} Kf7 {(00:17)} 53. Kd3 {
(00:28)} Rh1 {(01:51)} 54. Kc4 {(02:47)} Rxh3 {(00:
35)} 55. Kxc5 {(00:46)} g5 {(15:11)} 56. fxg5 {(01:38)}
Kg6 {(00:32)} 57. Kb5 {(00:56)} Kxg5 {(00:11)} 58. Kxa5 {
(00:41)} f4 {(01:43)} 59. Kb4 {(03:07)} f3 {(00:24]
} 60. a4 {(00:19)} Kf4 {(00:14)} 61. a5 {(02:22)} Ke3 {
(00:10)} 62. a6 {(01:29)} Rh6 {(01:33)} 63. Ka5 {(
00:47)} Rh5+ {(00:29)} 64. Ka4 {(01:38)} Rh6 {(00:14)} 65.
Rc3+ {(02:04)} Ke2 {(02:09)} 66. Kb5 {(01:24)} Rh5+ {
(01:05)} 67. Kb6 {(00:52)} Rh6+ {(00:45)} 68. Kb7 {
(01:22)} Rh7+ {(00:37)} 69. Kb6 {(00:55)} Rh6+ {(
00:05)} 70. Kb7 {(00:27)} Rh7+ {(00:02)} 1/2-1/2

[Event "42nd Olympiad Baku 2016 Open"]
[Site "Baku"]
[Date "2016.09.03"]
[Round "2.7"]
[White "Pierre, Jn Claude"]
[Black "Chavez, Hector Eduardo"]
[Result "0-1"]
[ECO "B27"]
[WhiteElo "1912"]
[BlackElo "2077"]
[Annotator ""]
[PlyCount "170"]
[EventDate "2016.??.??"]
[EventCountry "AZE"]
[SourceTitle "playchess.com"]
[Source "ChessBase"]
[WhiteTeam "Haiti"]
[BlackTeam "El Salvador"]
[WhiteTeamCountry "HAI"]
[BlackTeamCountry "ESA"]
[TimeControl "40/5400+30:1800+30"]

1. e4 {(00:00)} c5 {(00:00)} 2. Nf3 {(00:00)} g6 {(
00:00)} 3. d4 {(00:33)} cxd4 {(00:00)} 4. Nxd4 {(00:14)}
Bg7 {(00:01)} 5. Nc3 {(02:44)} Nc6 {(00:05)} 6. Be3 {
(00:51)} Nf6 {(00:05)} 7. Be2 {(00:22)} O-O {(00:
10)} 8. O-O {(00:30)} d5 {(00:07)} 9. exd5 {(02:17)} Nxd5
{(00:13)} 10. Nxd5 {(00:13)} Qxd5 {(00:06)} 11. Bf3 {
(00:11)} Qc4 {(00:21)} 12. Nxc6 {(00:34)} bxc6 {(
00:08)} 13. b3 {(00:55)} Qa6 {(04:28)} 14. Rb1 {(01:57)}
Bf5 {(01:05)} 15. a4 {(00:23)} Rfd8 {(05:36)} 16. Qc1 {
(00:15)} e5 {(20:56)} 17. Re1 {(03:57)} Rac8 {(03:
42)} 18. Bd2 {(06:26)} c5 {(04:29)} 19. Be2 {(02:52)} Qd6
{(08:49)} 20. Ba5 {(00:33)} Rf8 {(05:52)} 21. Rd1 {
(00:57)} Qe7 {(01:06)} 22. Qd2 {(03:28)} h5 {(05:
00)} 23. b4 {(07:14)} c4 {(06:11)} 24. b5 {(00:13)} Qh4 {
(09:23)} 25. Rb4 {(03:47)} Kh7 {(07:43)} 26. g3 {(
00:58)} Qe4 {(02:09)} 27. c3 {(02:34)} Bh6 {(07:39)} 28.
Qe1 {(00:52)} Bh3 {(01:14)} 29. Bf1 {(00:12)} Qxe1 {
(00:25)} 30. Rxe1 {(00:11)} Bxf1 {(02:21)} 31. Rxf1 {
(00:06)} Rfe8 {(01:24)} 32. Rbb1 {(00:53)} Bf8 {(
02:08)} 33. Bb4 {(00:27)} Bxb4 {(00:36)} 34. Rxb4 {(00:05]
} Red8 {(01:04)} 35. a5 {(00:27)} Rd3 {(01:04)} 36. Rc1 {
(00:13)} h4 {(00:56)} 37. gxh4 {(00:57)} Kg7 {(00:
27)} 38. b6 {(00:27)} axb6 {(00:03)} 39. axb6 {(00:04)}
Rb8 {(00:41)} 40. Kg2 {(00:00)} Rb7 {(00:00)} 41. f3 {
(01:50)} Kf6 {(01:36)} 42. Kf2 Ke6 {(05:05)} 43. Rxc4 {
(01:39)} Rxb6 {(00:22)} 44. Ke2 {(00:15)} Rd8 {(00:
34)} 45. Rc2 {(00:16)} Kf5 {(03:26)} 46. Kf2 {(00:27)} Rb1
{(00:50)} 47. Rc7 {(00:30)} f6 {(00:27)} 48. Rc6 {(
04:17)} Rbd1 {(03:53)} 49. Kg3 {(04:19)} Rg1+ {(01:52)}
50. Kf2 {(00:30)} Rh1 {(00:51)} 51. Kg2 {(00:14)} Rdd1 {
(05:22)} 52. Ra2 {(00:49)} Rdg1+ {(04:37)} 53. Kh3 {
(01:07)} Ra1 {(04:20)} 54. Rxa1 {(03:08)} Rxa1 {(
00:01)} 55. c4 {(00:06)} Ra2 {(00:48)} 56. c5 {(00:16)}
Rc2 {(00:33)} 57. Kg3 {(00:16)} e4 {(01:45)} 58. fxe4+ {
(00:09)} Ke5 {(00:06)} 59. h3 {(00:17)} Rc3+ {(00:
06)} 60. Kg2 {(00:36)} Rc4 {(00:27)} 61. Rc8 {(00:28)}
Kxe4 {(00:15)} 62. c6 {(00:06)} Kf4 {(01:18)} 63. c7 {
(00:30)} Rc2+ {(00:05)} 64. Kf1 {(00:16)} f5 {(00:
22)} 65. Ke1 {(00:08)} Kf3 {(01:05)} 66. Kd1 {(00:25)} Rc6
{(00:03)} 67. Rg8 {(00:26)} Rxc7 {(00:11)} 68. Rxg6 {
(00:07)} Rh7 {(00:48)} 69. Rg5 {(00:16)} Kf4 {(00:
18)} 70. Rg1 {(00:29)} Rxh4 {(00:09)} 71. Rh1 {(00:09)}
Kg3 {(00:11)} 72. Ke2 {(00:22)} Kg2 {(00:52)} 73. Ra1 {
(00:09)} Rxh3 {(00:17)} 74. Ra5 {(00:26)} f4 {(00:
15)} 75. Rg5+ {(00:06)} Rg3 {(00:04)} 76. Rf5 {(00:12)}
f3+ {(01:44)} 77. Ke1 Rg6 78. Rf8 {(01:50)} Re6+ {(00:37)}
79. Kd2 {(00:03)} f2 {(01:44)} 80. Rg8+ {(00:15)} Kf1 {
(00:17)} 81. Rg7 {(01:51)} Rd6+ {(00:17)} 82. Kc2 {
(00:15)} Rd4 {(01:25)} 83. Rg8 {(01:18)} Ke2 {(00:
18)} 84. Re8+ {(02:35)} Kf3 {(00:05)} 85. Kc3 {(01:25)}
Rf4 {(00:05)} 0-1

[Event "42nd Olympiad Baku 2016 Open"]
[Site "Baku"]
[Date "2016.09.03"]
[Round "2.26"]
[White "Pineda, Juan Jose"]
[Black "Niraula, Bhupendra"]
[Result "1-0"]
[ECO "B44"]
[WhiteElo "2175"]
[BlackElo "2071"]
[Annotator ""]
[PlyCount "47"]
[EventDate "2016.??.??"]
[EventCountry "AZE"]
[SourceTitle "playchess.com"]
[Source "ChessBase"]
[WhiteTeam "Nicaragua"]
[BlackTeam "Nepal"]
[WhiteTeamCountry "NCA"]
[BlackTeamCountry "NEP"]
[TimeControl "40/5400+30:1800+30"]

1. e4 {(00:00)} c5 {(00:00)} 2. Nf3 {(00:00)} e6 {(
00:00)} 3. d4 {(00:16)} cxd4 {(00:02)} 4. Nxd4 {(00:16)}
Nc6 {(00:12)} 5. c4 {(06:19)} Nf6 {(00:27)} 6. Nc3 {
(00:33)} Bb4 {(00:22)} 7. Nxc6 {(00:29)} bxc6 {(00:
28)} 8. Bd3 {(01:22)} Qc7 {(05:41)} 9. O-O {(00:24)} O-O {
(01:26)} 10. Bg5 {(02:05)} Bxc3 {(12:44)} 11. bxc3 {
(00:58)} Qe5 {(00:13)} 12. f4 {(01:54)} Qxc3 {(05:
40)} 13. e5 {(00:59)} Qd4+ {(03:25)} 14. Kh1 {(06:31)} Ne4
{(00:43)} 15. Qe2 {(09:34)} Nxg5 {(05:31)} 16. fxg5 {
(00:18)} d6 {(03:58)} 17. exd6 {(00:14)} Qxd6 {(00:
47)} 18. Rad1 {(00:28)} Qc7 {(08:21)} 19. Bxh7+ {(06:22)}
Kxh7 {(01:09)} 20. Qh5+ {(00:09)} Kg8 {(00:15)} 21. g6 {
(00:06)} fxg6 {(01:57)} 22. Rxf8+ {(00:16)} Kxf8 {(
01:19)} 23. Qh8+ {(00:12)} Kf7 {(03:09)} 24. Rf1+ {(00:10]
Ke8} 1-0